 Dungeon Crawl Stone Soup version 0.30-a0-462-gd5975efbca (webtiles) character file.

Game seed: 13334744425096572992

28 Nedwor the Cutter (level 2, 0/22 HPs)
             Began as a Demonspawn Gladiator on Dec 16, 2022.
             Frozen to death by an endoplasm (1 damage)
             ... on level 1 of the Dungeon.
             The game lasted 00:00:37 (519 turns).

Nedwor the Cutter (Demonspawn Gladiator)             Turns: 519, Time: 00:00:38

Health: 0/22       AC:  6    Str: 14    XL:     2   Next: 96%
Magic:  2/2        EV: 12    Int:  9    God:
Gold:   44         SH:  0    Dex: 14    Spells: 1/1 levels left

rFire   . . .      SeeInvis .    a - +0 rapier
rCold   . . .      Faith    .    (no shield)
rNeg    . . .      Spirit   .    b - +0 leather armour
rPois   .          Reflect  .    c - +0 helmet
rElec   .          Harm     .    (no cloak)
rCorr   .          Rampage  .    (no gloves)
Will    .....                    (no boots)
Stlth   +.........               (no amulet)
HPRegen 0.23/turn                (no ring)
MPRegen 0.08/turn                (no ring)

@: no status effects
A: icy blue scales 1
a: no special abilities


You were on level 1 of the Dungeon.
You visited 1 branch of the dungeon, and saw 1 of its levels.

You collected 44 gold pieces.

Inventory:

Hand Weapons
 a - a +0 rapier (weapon)
Missiles
 d - 3 throwing nets (quivered)
 e - a javelin
Armour
 b - a +0 leather armour (worn)
 c - a +0 helmet (worn)
Scrolls
 g - a scroll of enchant armour {unknown}
 h - 3 scrolls of silence {unknown}
Potions
 f - a potion of flight {unknown}


   Skills:
 + Level 2.3 Fighting
 * Level 3.1 Short Blades
 - Level 1.7 Throwing
 + Level 0.9 Armour
 + Level 2.9 Dodging


You had one spell level left.
You didn't know any spells.
Your spell library contained the following spells:

 Spells                   Type           Power      Damage    Failure   Level
 Passwall                 Tmut/Erth      0%         N/A       58%         2
 Static Discharge         Conj/Air       0%         2-2/arc   58%         2


Dungeon Overview and Level Annotations

Branches:
Dungeon (1/15)

Altars:


Innate Abilities, Weirdness & Mutations

You are partially covered in icy blue scales. (AC +2)


Message History

A rat is nearby!
A rat is nearby!
A rat is nearby!
You closely miss the rat. The rat bites you.
You closely miss the rat. The rat bites you.
You closely miss the rat. The rat bites you.
You barely miss the rat. The rat barely misses you.
You hit the rat but do no damage. The rat bites you.
You barely miss the rat. The rat bites you but does no damage.
You hit the rat.
You kill the rat!
No target in view!
No target in view!
No target in view!
There is an escape hatch in the floor here.
You see here a +0 short sword.
Found 2 stones.
You now have 44 gold pieces (gained 11).
A gnoll and an endoplasm come into view.
The gnoll shouts!
The endoplasm quivers.
The gnoll hits you with a +0 flail.
There are monsters nearby!
You closely miss the gnoll. The gnoll hits you with a +0 flail!
Ouch! That really hurt!
The endoplasm hits you.
* * * LOW HITPOINT WARNING * * *
The gnoll barely misses you. The endoplasm freezes you.
You are frozen.
* * * LOW HITPOINT WARNING * * *
Unknown command.
You are too injured to fight recklessly!
You are too injured to fight recklessly!
You are too injured to fight recklessly!
You are too injured to fight recklessly!
You are too injured to fight recklessly!
The endoplasm freezes you.
You are frozen.
You die...

~## ## #.#..##
##.)..# ..##
#.###.###.#####
...## #.#
##.#.## .#..# #
#.# ##†#######
#...# #. #.#
#........ #..##
#.## #.#
######### #†###
... #.# #.).#
#.####.# #..##
#.J@...# ######
#### #.g#####
#..... # #..#
#.#### .#.#
#..# #.# ....
#..# ###.# ....
#..# ##.#.#
.### #..#
##.#..# # #..#
##.###.## ...#
##.## ##†##


You could see a gnoll and an endoplasm.

Vanquished Creatures
  3 ball pythons (D:1)
  5 bats (D:1)
  An endoplasm (D:1)
  2 goblins (D:1)
  2 hobgoblins (D:1)
  2 jackals (D:1)
  2 kobolds (D:1)
  2 quokkas (D:1)
  2 frilled lizards (D:1)
  4 rats (D:1)
25 creatures vanquished.

Notes
Turn   | Place    | Note
-------+----------+-------------------------------------------
     0 | D:1      | Nedwor the Demonspawn Gladiator began the quest for the
                  | Orb.
     0 | D:1      | Reached XP level 1. HP: 16/16 MP: 1/1
    11 | D:1      | Got the Essays on Ozone and the Boulder
    42 | D:1      | Gained mutation: You are partially covered in icy blue
                  | scales. (AC +2) [demonic ancestry]
    42 | D:1      | Reached XP level 2. HP: 17/22 MP: 2/2
    93 | D:1      | Reached skill level 3 in Short Blades
   518 | D:1      | HP: 1/22 [frozen (5)]
   519 | D:1      | Frozen to death by an endoplasm

Illustrated notes

Levels and vault maps discovered:
D:1:      dpeg_arrival_subterranean_lakeside_camping, layout_loops_ring

Skill      XL: |  1  2 |
---------------+-------+-----
Short Blades   | 3 |  3.1
Fighting       | |  2.3
Throwing       | |  1.7
Armour         | |  0.9
Dodging        | |  2.9

Action                   || total
-------------------------++-------
Melee: Rapier            ||    54
Armor: Leather armour    ||    20
Dodge: Dodged            ||    37

Table legend: (Time is in decaauts)
 A = Elapsed time spent in this place.
 B = Non-inter-level travel time spent in this place.
 C = Inter-level travel time spent in this place.
 D = Time resting spent in this place.
 E = Time spent auto-exploring this place.
 F = Levels seen in this place.
 G = Mean time per level.
                   A        B        C        D        E       F      G
               +--------+--------+--------+--------+--------+-----+--------+
         Total |    523 |    523 |      0 |      0 |    416 |   1 |  523.0 |
       Dungeon |    523 |    523 |      0 |      0 |    416 |   1 |  523.0 |
               +--------+--------+--------+--------+--------+-----+--------+

Top non-repeatable levels by time:
     D:1: 523 daAuts
